 Dungeon Crawl Stone Soup version 0.17.0 (webtiles) character file.

86 McCoppin the Covert (level 4, -1/29 HPs)
             Began as an Octopode Assassin on Nov 7, 2015.
             Slain by Grinder (6 damage)
             ... while paralysed by Grinder
             ... on level 3 of the Dungeon.
             The game lasted 00:04:34 (2265 turns).

McCoppin the Covert (Octopode Assassin)             Turns: 2265, Time: 00:04:34

Health: -1/29      AC:  1    Str: 10    XL:     4   Next: 49%
Magic:  13/13      EV:  2    Int: 13    God:
Gold:   84         SH:  0    Dex: 14    Spells: 0 memorised, 3 levels left

rFire  . . .     SeeInvis .     a - +2 dagger
rCold  . . .     Clarity  .     (no shield)
rNeg   . . .     SustAt   .     (helmet restricted)
rPois  .         Gourm    .     (no amulet)
rElec  .         Spirit   .     k - ring of magical power
rCorr  .         Warding  .     (no ring)
rMut   .         Stasis   .     (no ring)
MR     .....                    (no ring)
Stlth  +++++.....               (no ring)
                                (no ring)
                                (no ring)
                                (no ring)

@: paralysed, not resistant to hostile enchantments, quite stealthy
A: almost no armour, amphibious, 8 rings, constrict 8, camouflage 1, gelatinous
body 1
a: no special abilities


You were on level 3 of the Dungeon.
You were not hungry.

You visited 1 branch of the dungeon, and saw 3 of its levels.

You collected 84 gold pieces.

Inventory:

Hand Weapons
 a - a +2 dagger (weapon)
 b - a +0 blowgun
Missiles
 c - 8 poisoned needles
 d - 2 curare-tipped needles
 m - 3 needles of sleeping
Jewellery
 k - a ring of magical power (left tentacle)
Scrolls
 f - a scroll of noise {unknown}
 g - 2 scrolls of magic mapping {unknown}
 i - 2 scrolls of identify
 j - a scroll of blinking {unknown}
 l - a scroll of fog {unknown}
 n - a scroll of enchant armour {unknown}
 o - a scroll of remove curse
 q - 3 scrolls of recharging {unknown}
 r - a scroll of enchant weapon {unknown}
Potions
 h - a potion of curing {unknown}
 s - 3 potions of agility
 t - a potion of invisibility {unknown}
Comestibles
 e - 4 bread rations
 p - 2 chunks of flesh


   Skills:
 - Level 2.0 Fighting
 - Level 2.0 Short Blades
 - Level 2.0 Throwing
 - Level 1.0 Dodging
 + Level 8.0 Stealth


You had 3 spell levels left.
You didn't know any spells.

Dungeon Overview and Level Annotations

Branches:
Dungeon (3/15)

Altars:

Annotations:
D:3 Grinder


Innate Abilities, Weirdness & Mutations

You cannot wear most types of armour.
You are amphibious.
You can wear up to eight rings at the same time.
You can use your tentacles to constrict eight enemies at once.
Your skin changes colour to match your surroundings (Stealth).
Your rubbery body absorbs attacks (AC +1).


Message History

No target in view!
p - 2 chunks of flesh You see here a club.
There isn't anything to butcher here.
Found a stone staircase leading down.
Found an amethyst potion.
Found a meat ration.
t - an amethyst potion
Found 7 gold pieces.
Found a scroll labeled DYNNOE ACKOA.
Grinder shouts!
You hit Grinder. Your grab misses Grinder. Your squeeze misses Grinder.
Grinder is lightly wounded.
Grinder gestures at you.
You suddenly lose the ability to move!
Grinder hits you!
You writhe in agony.
Grinder hits you!
* * * LOW HITPOINT WARNING * * *
You writhe in agony.
You die...

#####..###.#.#.#<.##.#.#
#..........#.. #.###.#.#
# ....##..#<..#####.#
#.#.#.# #
#...5......##.###.#.#.#
#.....#.#.....#.......#
........#.#..##.#####.###
...?....#....########.#
...##.##....5%.......#.#
... #. #.## #@.......#.#
.. ... +.........>#
#........###
........###### ........#
#........# #........#
#..$.....# #........#


You could see Grinder.

Vanquished Creatures
  2 adders (D:2)
  3 worms (D:2)
  5 giant geckos
  4 bats
  7 goblins
  9 hobgoblins
  6 jackals
  A ball python (D:1)
  2 giant newts (D:2)
  6 kobolds
  3 rats
48 creatures vanquished.

Notes
Turn   | Place    | Note
--------------------------------------------------------------
     0 | D:1      | McCoppin the Octopode Assassin began the quest for the Orb.
     0 | D:1      | Reached XP level 1. HP: 14/14 MP: 1/1
   159 | D:1      | Reached XP level 2. HP: 19/19 MP: 2/2
   160 | D:1      | Reached skill level 6 in Stealth
   673 | D:1      | Reached XP level 3. HP: 22/24 MP: 3/3
   826 | D:2      | Reached skill level 7 in Stealth
  1163 | D:2      | Reached XP level 4. HP: 21/29 MP: 4/4
  1820 | D:2      | Reached skill level 8 in Stealth
  2070 | D:3      | Noticed Grinder
  2263 | D:3      | Paralysed by Grinder for 6 turns
  2265 | D:3      | Slain by Grinder

Action                   |  1- 3 |  4- 6 || total
-------------------------+-------+-------++-------
Melee: Dagger            |    68 |    23 ||    91
  Use: Scroll            |       |     2 ||     2
 Stab: Sleeping          |    11 |     7 ||    18
       Distracted        |     2 |       ||     2
  Eat: Bread ration      |       |     1 ||     1
       Chunk             |       |     1 ||     1
